Map: Romanticide LE

Players

MarineLorD - Winner!

  • Race: Terran Terran
  • League: Master

Clem

  • Race: Terran Terran

Event: DreamHack SC2 Masters 2021 Fall

VOD

Have the link to the VOD?

Description

Time

  • Played on: Aug. 10, 2021, 2:59 p.m.
  • Length: 43:24

All games in this series

Show
View Real Time Build Order
Export as new Build Order

MarineLorD Terran - Winner!

Build Orders: Cyclone Opening 

Get SALT Encoding   

  12  0:00  SCV  
  13  0:12  SCV  
  14  0:16  Supply Depot  
  14  0:24  SCV  
  15  0:38  SCV  
  15  0:39  Barracks  
  16  0:43  Refinery  
  16  0:50  SCV  
  16  0:53  Refinery  
  17  1:02  SCV  
  18  1:14  SCV  
  19  1:26  Orbital Command  
  19  1:27  Reaper  
  19  1:28  Supply Depot  
  20  1:44  Factory  
  20  1:52  SCV  
  21  1:59  Reaper  
  22  2:04  SCV  
  23  2:16  SCV  
  23  2:19  Command Center  
  24  2:27  Hellion  
  24  2:28  SCV  
  27  2:31  Barracks Tech Lab  
  27  2:40  SCV  
  27  2:42  Supply Depot  
  28  2:56  Cyclone  
  28  2:57  Starport  
  31  3:04  SCV  
  32  3:10  Barracks Tech Lab  
  32  3:18  SCV  
  33  3:28  Cyclone  
  33  3:30  SCV  
  33  3:31  Orbital Command  
  33  3:32  Refinery  
  37  3:43  SCV  
  37  3:47  Raven  
  40  3:55  SCV  
  41  3:56  SCV  
  42  4:06  Command Center  
  42  4:08  SCV  
  42  4:11  SCV  
  39  4:17  Siege Tank  
  39  4:20  SCV  
  39  4:24  SCV  
  42  4:31  Raven  
  44  4:32  SCV  
  44  4:36  SCV  
  46  4:38  Barracks Reactor  
  46  4:44  SCV  
  47  4:45  Refinery  
  47  4:48  SCV  
  48  4:56  SCV  
  48  4:59  Siege Tank  
  52  5:00  SCV  
  52  5:02  Supply Depot  
  52  5:03  Supply Depot  
  53  5:08  SCV  
  53  5:13  Barracks  
  53  5:14  Barracks  
  54  5:23  SCV x2, Orbital Command  
  54  5:25  Viking x2  
  60  5:32  Siege Tank  
  63  5:36  Marine, SCV x2  
  63  5:38  Stimpack  
  66  5:47  Engineering Bay x2  
  66  5:49  SCV  
  67  5:53  SCV, Orbital Command  
  67  5:56  Viking  
  70  5:59  Viking  
  70  6:03  Barracks Reactor x2, Marine  
  73  6:05  SCV  
  73  6:06  SCV  
  75  6:16  Siege Tank  
  75  6:17  SCV  
  75  6:18  SCV  
  80  6:19  SCV  
  80  6:23  Terran Infantry Weapons Level 1  
  81  6:29  SCV, Viking  
  81  6:30  SCV  
  85  6:39  SCV, Supply Depot, Viking  
  88  6:41  SCV  
  88  6:42  Supply Depot, SCV  
  90  6:47  Terran Infantry Armor Level 1, Marine  
  90  6:48  Marine  
  90  6:51  SCV  
  90  6:53  SCV  
  89  6:57  Marine, Siege Tank  
  89  7:00  Marine, SCV  
  95  7:03  Refinery  
  95  7:04  Refinery  
  95  7:08  Viking  
  97  7:11  Viking  
  97  7:12  SCV x2  
  97  7:15  SCV  
  101  7:18  Supply Depot x2  
  101  7:21  Marine x2  
  101  7:22  Marine  
  104  7:24  SCV  
  104  7:26  Marine x2  
  104  7:29  SCV  
  107  7:31  SCV  
  107  7:34  Sensor Tower  
  107  7:36  SCV  
  109  7:39  Marine x2  
  109  7:40  Marine  
  109  7:43  SCV x2  
  114  7:45  Armory  
  114  7:47  Siege Tank  
  114  7:48  SCV  
  118  7:52  Supply Depot  
  118  7:53  Marine, Supply Depot x2, Combat Shield  
  118  7:54  Marine  
  118  7:57  Marine x2  
  122  8:00  Medivac  
  124  8:09  Barracks x2  
  124  8:13  Marine x2, Medivac, Missile Turret  
  124  8:14  Marine  
  124  8:16  Marine x2  
  124  8:19  Siege Tank  
  134  8:25  Supply Depot  
  134  8:26  Supply Depot  
  134  8:31  Marine  
  134  8:33  Terran Vehicle Weapons Level 1  
  135  8:34  Command Center  
  135  8:36  Medivac  
  135  8:38  Terran Infantry Weapons Level 2  
  137  8:43  Medivac  
  137  8:45  Terran Infantry Armor Level 2  
  139  8:49  Marine x3  
  139  8:52  Marine x2  
  143  9:00  Siege Tank  
  146  9:03  Barracks Reactor x2  
  146  9:07  Marine x3  
  149  9:10  Marine, Supply Depot  
  149  9:11  Supply Depot, Missile Turret  
  149  9:13  Missile Turret  
  149  9:14  Marine  
  149  9:15  Viking x2  
  155  9:25  Marine x3  
  155  9:26  Supply Depot  
  155  9:27  Supply Depot  
  155  9:28  Marine, Armory  
  159  9:39  Factory  
  159  9:40  Barracks Reactor  
  159  9:41  Siege Tank  
  162  9:47  Command Center  
  162  9:50  Viking x2  
  165  9:57  SCV x3  
  167  10:08  Refinery  
  167  10:09  SCV x2  
  167  10:13  Refinery  
  166  10:18  Terran Ship Weapons Level 1  
  166  10:19  Sensor Tower, Missile Turret  
  166  10:20  Planetary Fortress, Command Center, Missile Turret  
  166  10:28  Terran Vehicle And Ship Armor Level 1  
  166  10:46  Marine x2  
  168  10:52  Starport x2  
  168  10:53  Starport  
  168  10:54  Starport  
  168  10:56  Command Center x2  
  168  10:58  Command Center  
  157  11:17  Siege Tank  
  157  11:18  Siege Tank  
  163  11:19  Viking x2  
  167  11:27  Sensor Tower, Missile Turret  
  167  11:29  Command Center  
  167  11:31  Terran Infantry Weapons Level 3  
  167  11:34  Orbital Command  
  167  11:43  Terran Infantry Armor Level 3, Starport Tech Lab x2  
  167  11:44  Starport Reactor x2  
  167  11:50  Starport Tech Lab  
  167  11:52  Missile Turret  
  167  12:00  SCV x3  
  167  12:01  SCV  
  170  12:12  Orbital Command x2  
  170  12:13  Orbital Command  
  170  12:22  Raven x2  
  172  12:23  Raven  
  172  12:27  Viking x3  
  172  12:28  Viking  
  177  12:30  Corvid Reactor  
  177  12:31  Terran Ship Weapons Level 2  
  177  12:35  Terran Vehicle And Ship Armor Level 2  
  177  12:40  Refinery  
  177  12:42  Refinery  
  177  12:44  Planetary Fortress  
  177  12:49  Command Center  
  177  12:50  Orbital Command  
  174  12:54  Missile Turret  
  174  12:56  Missile Turret  
  165  13:17  Raven  
  165  13:18  Raven, Viking x3  
  165  13:19  Viking x2  
  173  13:21  Marine x5  
  173  13:23  Marine x2  
  173  13:24  Marine  
  178  13:41  Command Center  
  178  13:48  Viking x4  
  186  13:56  Raven  
  186  14:00  Fusion Core  
  177  14:10  Hi-Sec Auto Tracking  
  177  14:16  Missile Turret  
  177  14:20  Neosteel Armor  
  172  14:25  Siege Tank x2  
  172  14:26  Marine  
  172  14:27  Marine  
  164  14:40  Orbital Command  
  164  14:43  Command Center  
  164  14:57  Siege Tank x2  
  164  14:59  Raven x3  
  172  15:00  Viking  
  172  15:01  Viking x3  
  172  15:17  Weapon Refit  
  172  15:18  Terran Vehicle And Ship Armor Level 3, Terran Ship Weapons Level 3  
  172  15:29  Siege Tank x2  
  172  15:30  Orbital Command  
  172  15:33  Planetary Fortress  
  178  15:42  Sensor Tower  
  178  15:44  Missile Turret  
  178  15:45  Refinery, Missile Turret  
  178  15:46  Refinery  
  178  15:48  Missile Turret  
  174  15:57  Battlecruiser  
  179  15:58  Battlecruiser  
  185  16:07  Missile Turret  
  163  16:31  Viking x5  
  168  16:32  Marine  
  168  16:33  Marine x8  
  176  16:51  Marine x5  
  178  16:59  Unknown  
  178  17:01  Viking x3  
  184  17:03  Refinery  
  184  17:05  Missile Turret  
  184  17:07  Missile Turret  
  182  17:10  Viking  
  182  17:11  Viking x3  
  185  17:26  Missile Turret  
  185  17:28  Refinery  
  185  17:30  Missile Turret  
  185  17:31  Viking  
  185  17:32  Missile Turret  
  185  17:34  Viking x2  
  179  17:40  Viking  
  179  17:41  Viking x2  
  178  17:46  Battlecruiser  
  178  17:50  Planetary Fortress  
  184  17:53  Missile Turret  
  184  17:54  Missile Turret  
  184  17:58  Refinery  
  183  18:04  Battlecruiser  
  183  18:05  Missile Turret x2  
  189  18:08  Terran Vehicle Weapons Level 2  
  177  18:21  Raven  
  177  18:24  Viking x4  
  166  18:50  Raven  
  166  18:51  Missile Turret  
  166  18:54  Viking x4  
  173  18:56  Missile Turret  
  171  19:04  Raven  
  171  19:08  Viking  
  171  19:24  Viking x4  
  174  19:33  Viking  
  160  19:38  Viking  
  154  19:47  Viking  
  152  19:54  Viking x4  
  148  20:03  Viking  
  144  20:08  Raven  
  146  20:17  Viking  
  146  20:19  Starport  
  146  20:20  Starport  
  148  20:24  Viking x4  
  148  20:25  Thor x2  
  168  20:33  Viking  
  168  20:35  Smart Servos  
  170  20:36  Terran Vehicle Weapons Level 3  
  170  20:43  Sensor Tower  
  170  20:55  Missile Turret  
  167  20:57  Missile Turret  
  167  20:58  Missile Turret  
  167  20:59  Missile Turret x2  
  167  21:06  Battlecruiser x3  
  167  21:08  Viking x2  
  166  21:28  Viking x2  
  146  21:35  Viking x2  
  146  21:38  Viking x2  
  154  21:46  Missile Turret x2  
  154  21:52  Missile Turret  
  154  21:53  Missile Turret  
  154  21:58  Viking  
  154  22:10  Raven, Viking x4  
  154  22:11  Viking  
  166  22:33  Battlecruiser  
  164  22:50  Missile Turret  
  164  22:52  Missile Turret  
  164  22:55  Missile Turret  
  161  23:06  Raven  
  161  23:07  Viking x5  
  161  23:08  Viking x2  
  177  23:17  Missile Turret  
  159  23:37  Viking x4  
  159  23:38  Missile Turret  
  163  23:42  Viking x4  
  155  23:49  Viking  
  145  24:06  Missile Turret  
  145  24:07  Viking x4  
  153  24:12  Raven  
  155  24:19  Raven  
  157  24:27  Missile Turret  
  157  24:30  Viking x3  
  163  24:37  Raven, Viking x3  
  169  24:55  Raven  
  171  25:01  Missile Turret x2  
  171  25:02  Raven  
  171  25:05  Viking  
  171  25:06  Viking x2  
  173  25:07  Viking x3  
  178  25:32  Raven  
  180  25:38  Raven  
  182  25:44  Raven  
  184  25:51  Missile Turret  
  184  25:52  Missile Turret  
  184  25:59  Sensor Tower  
  184  26:21  Raven x2  
  188  26:27  Missile Turret  
  188  26:37  Viking x2  
  188  26:38  Viking x2  
  174  26:51  Battlecruiser  
  174  26:52  Starport Tech Lab x2  
  180  27:04  Battlecruiser  
  180  27:05  Viking  
  180  27:07  Viking  
  177  27:35  Missile Turret x3  
  171  27:37  Missile Turret  
  171  27:38  Missile Turret  
  171  27:40  Missile Turret  
  171  27:41  Missile Turret  
  171  27:43  Missile Turret  
  170  27:52  Raven x3, Viking  
  170  27:53  Viking x2  
  182  28:08  Sensor Tower  
  178  28:20  Sensor Tower  
  178  28:23  Missile Turret  
  178  28:24  Missile Turret x2  
  168  28:50  Raven x2  
  168  28:51  Raven x3  
  174  29:04  Thor x2  
  186  29:31  Viking x4  
  186  29:33  Raven, Viking  
  186  29:34  Viking  
  136  30:01  Viking x4  
  136  30:03  Viking  
  136  30:05  Battlecruiser  
  137  30:44  Thor x4  
  137  30:45  Viking x3  
  137  30:46  Viking x4  
  137  30:48  Marine x6  
  137  30:49  Marine x4  
  158  31:06  Marine  
  159  31:16  Raven  
  159  31:18  Marine x6  
  162  31:19  Marine x3  
  162  31:24  Marine  
  168  31:36  Marine x5  
  168  31:38  Marine x2  
  175  31:40  Viking x4  
  183  31:47  Missile Turret  
  183  31:49  Missile Turret  
  183  31:50  Missile Turret  
  177  32:12  Marine x8  
  177  32:13  Marine x2  
  187  32:29  Marine  
  187  32:30  Marine x2  
  197  32:40  Siege Tank  
  191  32:44  Siege Tank  
  192  32:56  Marine x6  
  192  32:57  Marine x2  
  200  33:07  Marine  
  200  33:12  Marine  
  187  33:14  Marine  
  187  33:18  Raven  
  190  33:20  Marine x3  
  190  33:25  Marine x2  
  194  33:27  Marine x2  
  194  33:34  Marine  
  194  34:02  Missile Turret  
  194  34:05  Missile Turret x2  
  186  34:32  Marine x9  
  186  34:33  Marine  
  183  34:49  Marine  
  184  35:05  Marine x3  
  184  35:06  Marine x6  
  191  35:07  Marine  
  192  35:23  Marine x5  
  192  35:24  Marine x3  
  192  35:25  Marine  
  197  35:37  Marine  
  197  35:41  Marine x2  
  200  35:52  Marine  
  194  37:01  Viking x3  
  192  37:18  Marine x2  
  181  37:27  Marine x3  
  113  37:38  Marine x7  
  108  37:45  Marine x3  
  111  37:55  Marine x2  
  111  37:56  Marine x5  
  118  38:03  Marine x3  
  119  38:13  Marine x4  
  119  38:14  Marine x3  
  119  38:18  Barracks  
  119  38:19  Barracks  
  126  38:21  Marine x3  
  126  38:22  Barracks  
  129  38:31  Marine x6  
  129  38:32  Marine  
  136  38:38  Marine x2  
  136  38:39  Marine  
  139  38:49  Marine x7  
  146  38:56  Marine x3  
  149  39:05  Marine  
  149  39:06  Marine  
  149  39:07  Marine x7  
  149  39:08  Marine  
  159  39:14  Marine x3  
  162  39:23  Marine  
  163  39:24  Marine x3  
  163  39:25  Marine x5  
  163  39:26  Marine  
  169  39:32  Marine x3  
  172  39:40  Marine  
  172  39:42  Marine x5  
  172  39:43  Marine x3  
  172  39:44  Marine, Medivac  
  184  39:50  Marine x3  
  187  39:58  Marine  
  188  40:00  Marine x6  
  188  40:01  Marine x2  
  188  40:02  Marine  
  197  40:07  Marine  
  197  40:08  Marine x2  
  200  40:46  Marine  
  200  40:47  Marine x6  
  200  40:48  Marine x3  
  200  40:49  Marine x3  
  126  41:04  Marine x2  
  121  41:05  Marine x5  
  121  41:06  Marine x5  
  121  41:07  Marine  
  129  41:22  Marine x4  
  129  41:23  Marine x3  
  129  41:24  Marine x6  
  116  41:39  Marine  
  116  41:40  Marine x4  
  116  41:41  Marine x4  
  116  41:42  Marine x4  
  129  41:57  Marine  
  129  41:58  Marine x6  
  129  41:59  Marine x2  
  129  42:00  Marine x4  
  142  42:15  Marine  
  142  42:16  Marine x6  
  142  42:17  Marine x3  
  142  42:18  Marine x3  
  155  42:33  Marine  
  155  42:34  Marine x6  
  155  42:35  Marine x5  
  155  42:36  Marine  
  168  42:51  Marine x2  
  169  42:52  Marine x5  
  169  42:53  Marine x6  
Show
View Real Time Build Order
Export as new Build Order

Clem Terran 

Build Orders:  

Get SALT Encoding   

  12  0:00  SCV  
  13  0:12  SCV  
  14  0:16  Supply Depot  
  14  0:24  SCV  
  15  0:38  SCV  
  15  0:40  Barracks  
  16  0:43  Refinery  
  16  0:50  SCV  
  16  0:52  Refinery  
  17  1:02  SCV  
  18  1:14  SCV  
  19  1:27  Reaper, Orbital Command  
  19  1:29  Supply Depot  
  20  1:42  Factory  
  20  1:52  SCV  
  21  2:04  Barracks Reactor, SCV  
  22  2:16  SCV  
  22  2:22  Command Center  
  23  2:27  Hellion  
  26  2:30  SCV  
  26  2:41  Reaper x2, Supply Depot  
  28  2:48  Hellion  
  28  2:49  SCV  
  31  3:03  SCV  
  31  3:04  Starport  
  32  3:09  Hellion  
  34  3:13  Reaper x2  
  34  3:15  SCV  
  37  3:24  Refinery  
  37  3:27  SCV  
  37  3:31  Factory Tech Lab  
  38  3:36  Orbital Command  
  38  3:39  SCV  
  39  3:42  Starport Tech Lab  
  39  3:45  Marine x2  
  39  3:46  Supply Depot  
  41  3:53  Cyclone  
  44  3:56  SCV  
  45  4:03  SCV, Raven  
  45  4:08  SCV  
  48  4:12  Marine x2  
  48  4:15  SCV  
  44  4:26  SCV  
  44  4:27  Siege Tank  
  44  4:28  SCV  
  46  4:38  SCV  
  46  4:39  Command Center  
  46  4:40  SCV  
  48  4:48  Raven  
  48  4:50  SCV  
  51  4:52  SCV  
  51  4:55  Marine x2  
  51  4:56  Supply Depot  
  54  5:00  Siege Tank  
  54  5:03  SCV  
  54  5:05  SCV  
  59  5:15  SCV  
  59  5:17  SCV, Barracks  
  59  5:18  Barracks  
  59  5:20  Refinery  
  61  5:26  Supply Depot  
  61  5:27  SCV  
  62  5:29  SCV  
  62  5:32  Siege Tank  
  66  5:39  SCV  
  66  5:40  Marine  
  66  5:41  SCV, Stimpack  
  69  5:45  Supply Depot  
  69  5:48  Viking  
  71  5:51  SCV  
  71  5:52  Viking  
  71  5:53  SCV  
  74  5:58  Marine  
  74  6:03  SCV  
  76  6:05  SCV, Engineering Bay  
  76  6:06  Engineering Bay  
  76  6:07  Siege Tank  
  76  6:10  Barracks Reactor x2  
  79  6:15  SCV  
  79  6:16  Marine  
  79  6:17  SCV  
  83  6:19  Orbital Command  
  83  6:23  Viking  
  84  6:27  Viking  
  84  6:28  SCV  
  84  6:31  SCV  
  84  6:32  Supply Depot  
  88  6:37  Terran Infantry Weapons Level 1  
  88  6:38  Terran Infantry Armor Level 1  
  88  6:41  SCV  
  88  6:42  Marine  
  88  6:43  SCV  
  88  6:46  SCV  
  92  6:49  Marine  
  92  6:51  Marine x2  
  92  6:53  SCV  
  95  6:55  SCV, Siege Tank  
  95  6:58  SCV, Supply Depot  
  95  7:01  Supply Depot  
  100  7:05  Viking x2  
  104  7:10  Marine x4  
  104  7:12  Marine  
  109  7:18  Refinery  
  109  7:20  Refinery, SCV x3  
  109  7:22  Supply Depot  
  112  7:28  Marine  
  113  7:30  Siege Tank  
  113  7:32  SCV x3  
  119  7:40  Supply Depot  
  119  7:41  Viking  
  119  7:43  Armory  
  121  7:44  SCV x3  
  121  7:45  Viking  
  126  7:54  Command Center  
  126  7:56  SCV x2  
  128  8:00  Marine x3, Supply Depot  
  128  8:01  Marine x2  
  128  8:04  SCV  
  134  8:08  SCV, Siege Tank  
  138  8:12  Supply Depot, Combat Shield  
  138  8:15  Viking  
  138  8:18  Marine  
  141  8:21  Marine x4, Viking  
  147  8:30  SCV x2, Barracks x2  
  149  8:34  SCV, Terran Infantry Weapons Level 2  
  149  8:36  Marine  
  149  8:37  Terran Infantry Armor Level 2  
  149  8:39  Terran Vehicle Weapons Level 1  
  151  8:42  Siege Tank  
  151  8:43  SCV  
  155  8:49  Missile Turret  
  155  8:51  Missile Turret  
  155  8:52  Viking  
  157  9:01  Supply Depot x2  
  157  9:02  Marine x3, Viking, SCV  
  163  9:04  SCV  
  163  9:06  Missile Turret  
  164  9:10  SCV  
  164  9:13  Missile Turret  
  164  9:14  SCV  
  164  9:15  Siege Tank  
  169  9:19  Barracks Reactor, Factory  
  169  9:20  Supply Depot  
  169  9:26  SCV, Medivac  
  169  9:27  Marine, SCV  
  174  9:31  Refinery  
  174  9:32  Refinery, Medivac  
  174  9:33  Planetary Fortress  
  174  9:37  Sensor Tower  
  173  9:39  SCV x3  
  173  9:43  Sensor Tower  
  176  9:46  Marine x2  
  176  9:47  Marine x2  
  176  9:50  Marine  
  176  9:52  SCV  
  183  9:59  Siege Tank  
  185  10:02  Viking x2  
  185  10:03  Marine  
  185  10:06  Marine x2  
  189  10:10  Command Center  
  189  10:13  Starport  
  187  10:14  Starport  
  187  10:15  Barracks Reactor  
  187  10:23  Command Center, Missile Turret  
  187  10:26  Barracks Reactor, Armory  
  187  10:27  Siege Tank  
  190  10:40  Viking x2  
  194  10:43  Terran Vehicle Weapons Level 2  
  194  10:50  Command Center  
  194  10:53  Starport Tech Lab x2  
  194  10:55  Marine  
  193  11:01  Siege Tank  
  191  11:05  Marine x3  
  191  11:07  Marine x2, Siege Tank  
  191  11:09  Marine x2  
  198  11:11  Viking  
  198  11:16  Corvid Reactor, Raven  
  190  11:18  Viking, Starport  
  190  11:20  Marine x2  
  192  11:27  SCV x2  
  194  11:33  Refinery x2  
  194  11:34  Missile Turret x2  
  194  11:35  Missile Turret  
  194  11:38  Command Center  
  194  11:39  Starport, Terran Infantry Weapons Level 3  
  197  11:44  Marine  
  198  11:48  Marine  
  198  11:51  Viking x2  
  198  11:54  Starport  
  200  11:56  Starport  
  200  11:57  Planetary Fortress  
  200  12:03  Orbital Command, Starport Reactor  
  200  12:05  Orbital Command  
  199  12:09  Missile Turret  
  199  12:14  Orbital Command  
  197  12:18  Viking  
  198  12:25  Missile Turret  
  198  12:26  Missile Turret  
  198  12:27  Raven x2  
  199  12:35  Missile Turret  
  199  12:38  Missile Turret  
  199  12:46  Terran Vehicle And Ship Armor Level 1  
  199  12:47  Starport Reactor  
  199  12:52  Starport Reactor  
  198  13:05  Viking x2  
  198  13:09  Viking  
  198  13:12  Viking  
  198  13:13  Sensor Tower, Unknown, Missile Turret x2  
  198  13:15  Missile Turret  
  196  13:22  Terran Infantry Armor Level 3  
  196  13:25  Terran Ship Weapons Level 1  
  195  13:29  Viking x2  
  195  13:31  Planetary Fortress  
  199  13:36  Command Center  
  199  13:52  Starport  
  199  13:55  Command Center  
  196  14:13  Viking x2  
  200  14:23  Viking x3  
  186  14:33  Viking x3  
  186  14:34  Viking  
  186  14:39  Viking  
  186  14:41  Viking  
  190  14:50  Viking x2  
  190  14:51  Viking  
  196  14:53  Viking  
  194  15:05  Viking x2  
  188  15:14  Viking  
  188  15:20  Viking  
  188  15:21  Viking  
  194  15:23  Viking x2  
  194  15:24  Starport Tech Lab x2  
  198  15:30  Fusion Core  
  198  15:32  Planetary Fortress  
  198  15:33  Planetary Fortress  
  197  15:43  Refinery  
  197  15:44  Refinery  
  197  15:56  Viking  
  190  16:13  Raven x2  
  194  16:22  Viking x2  
  194  16:23  Siege Tank  
  184  16:26  Viking  
  184  16:27  Viking  
  184  16:29  Siege Tank  
  184  16:30  Viking x3  
  184  16:31  Viking x3  
  197  16:37  Command Center  
  197  16:45  Sensor Tower, Terran Vehicle And Ship Armor Level 2, Missile Turret x3  
  197  16:46  Terran Ship Weapons Level 2  
  197  16:52  Liberator  
  197  16:53  Advanced Ballistics  
  200  16:58  Command Center  
  197  17:05  Viking x2  
  197  17:12  Liberator  
  200  17:18  Missile Turret  
  200  17:19  Missile Turret  
  200  17:20  Missile Turret  
  191  17:26  Battlecruiser  
  197  17:37  Viking x7  
  177  17:39  Battlecruiser x2  
  193  18:04  Neosteel Armor, Hi-Sec Auto Tracking  
  193  18:06  Liberator x2  
  193  18:12  Weapon Refit  
  199  18:16  Viking x2  
  195  18:20  Viking x2  
  195  18:21  Viking x3  
  194  18:31  Battlecruiser  
  200  18:40  Missile Turret x2  
  200  18:41  Missile Turret  
  200  18:43  Missile Turret  
  200  18:51  Planetary Fortress  
  200  19:01  Viking  
  199  19:12  Missile Turret  
  199  19:18  Orbital Command, Starport  
  199  19:19  Starport  
  195  19:34  Battlecruiser x2  
  192  19:39  Missile Turret  
  192  19:41  Viking  
  178  19:47  Viking x2  
  178  19:48  Viking x3  
  179  19:55  Raven x2  
  179  19:59  Viking  
  169  20:00  Viking x3  
  189  20:11  Viking  
  191  20:14  Missile Turret  
  191  20:15  Missile Turret x2  
  191  20:18  Refinery x2, Missile Turret  
  191  20:38  Battlecruiser, Missile Turret  
  191  20:40  Missile Turret  
  191  20:41  Missile Turret  
  191  20:42  Missile Turret  
  192  21:02  Battlecruiser  
  194  21:11  Missile Turret  
  194  21:23  Missile Turret  
  194  21:24  Missile Turret x2  
  188  21:26  Viking x3, Battlecruiser x2  
  188  21:28  Siege Tank  
  188  21:29  Viking x2  
  193  21:42  Battlecruiser  
  196  22:11  Raven  
  196  22:14  Missile Turret  
  198  22:15  Missile Turret  
  198  22:19  Missile Turret x2  
  196  22:30  Raven  
  188  22:54  Battlecruiser x2  
  193  23:01  Viking  
  193  23:02  Viking  
  193  23:03  Viking x3  
  186  23:45  Viking x2  
  186  23:46  Viking, Battlecruiser  
  190  23:52  Viking x2  
  190  23:53  Raven  
  190  23:55  Starport Reactor, Starport Tech Lab  
  184  23:57  Viking x2  
  184  23:58  Raven, Terran Vehicle And Ship Armor Level 3, Battlecruiser, Terran Ship Weapons Level 3  
  194  24:25  Battlecruiser  
  187  25:21  Missile Turret  
  187  25:22  Missile Turret  
  187  25:28  Missile Turret  
  187  25:33  Viking x6  
  199  25:58  Missile Turret  
  199  25:59  Missile Turret x3  
  199  26:00  Missile Turret  
  199  26:23  Missile Turret  
  199  26:24  Missile Turret x2  
  198  26:26  Missile Turret  
  198  26:27  Missile Turret  
  191  26:38  Battlecruiser x2  
  175  26:44  Battlecruiser  
  175  26:51  Battlecruiser x2  
  182  27:06  Viking x4  
  182  27:07  Viking x3  
  192  27:08  Viking x2  
  192  27:12  Viking  
  182  27:36  Viking  
  182  27:37  Marine x10  
  184  27:43  Battlecruiser  
  188  28:54  Battlecruiser x2  
  200  29:26  Missile Turret x2  
  200  29:28  Missile Turret x2  
  200  29:29  Missile Turret  
  200  29:30  Missile Turret  
  200  29:43  Viking x2, Battlecruiser  
  186  29:49  Viking x4, Battlecruiser x2  
  186  29:50  Marine, Viking x3  
  186  29:51  Marine x2  
  186  29:52  Marine x2  
  176  29:58  Battlecruiser  
  159  30:01  Viking x2  
  159  30:03  Marine x5  
  168  30:08  Marine  
  168  30:09  Marine  
  166  30:17  Viking x2  
  166  30:18  Marine x3  
  166  30:21  Marine x3  
  173  30:22  Refinery  
  176  30:36  Missile Turret  
  176  30:37  Missile Turret  
  176  30:38  Refinery  
  176  30:40  Missile Turret  
  176  30:46  Marine x7  
  176  30:47  Marine x2  
  184  30:54  Marine  
  180  31:07  Marine x2  
  180  31:08  Marine  
  180  31:09  Marine x2  
  185  31:13  Marine x2  
  185  31:16  Marine  
  185  31:17  Marine  
  189  31:21  Marine  
  189  31:23  Viking  
  189  31:25  Marine x2  
  187  31:38  Viking  
  187  31:39  Marine x8  
  196  31:42  Marine x2  
  197  31:56  Marine  
  197  31:57  Marine x4  
  200  33:08  Marine x2  
  200  33:09  Marine  
  187  33:22  Raven  
  187  33:23  Raven  
  187  33:24  Viking  
  193  33:32  Viking  
  193  33:34  Marine x5  
  200  33:48  Missile Turret  
  200  33:49  Missile Turret  
  200  33:50  Missile Turret x3  
  194  34:30  Viking  
  194  34:31  Viking x2  
  190  35:12  Viking x3  
  196  35:20  Viking  
  194  35:48  Marine x5  
  199  35:52  Marine  
  196  36:07  Viking  
  198  36:13  Marine x2  
  193  36:56  Marine x5  
  193  36:59  Marine x2  
  193  37:00  Marine x2  
  193  37:01  Marine  
  193  37:14  Marine  
  188  37:16  Marine x5  
  188  37:17  Marine  
  193  37:27  Marine  
  193  37:29  Marine x2  
  175  37:32  Marine  
  175  37:34  Marine x6  
  150  37:45  Marine  
  150  37:47  Marine x2  
  150  37:49  Marine  
  154  37:51  Marine  
  154  37:52  Marine x5  
  160  38:02  Marine  
  160  38:05  Marine x2  
  163  38:07  Marine  
  163  38:09  Marine x3  
  163  38:10  Marine x3  
  170  38:20  Marine  
  170  38:23  Marine x2  
  170  38:25  Marine  
  174  38:27  Marine x4  
  174  38:28  Marine x2  
  180  38:38  Marine  
  180  38:40  Marine  
  180  38:41  Marine  
  183  38:58  Marine x2  
  183  38:59  Marine x4  
  189  39:06  Marine  
  190  39:10  Marine x3  
  190  39:16  Marine x2  
  195  39:17  Marine x4  
  195  39:23  Marine  
  200  40:46  Marine x3  
  200  40:47  Marine x7  
  56  41:03  Marine  
  47  41:04  Marine x9  
  50  41:17  Barracks x3  
  49  41:18  Barracks  
  49  41:20  Barracks  
  30  42:05  Marine x4  
  34  42:08  Marine  
  35  42:18  Marine  
  36  42:22  Marine  
  36  42:23  Marine x3  
  36  42:26  Marine  
  41  42:35  Marine  
  42  42:39  Orbital Command  
  42  42:40  Marine x2  
  42  42:41  Marine x2  
  46  42:44  Marine  
  47  42:53  Marine  
  48  42:58  Marine x3  
  48  42:59  Marine  
  48  43:02  Marine  

Tags
 
Add a new tag
Caveats
  • Supply blocks, unpowered buildings, or Contaminate may cause inaccurate times.
  • Supply counts are checked every 10 seconds.